 Dungeon Crawl Stone Soup version 0.27-a0-972-gd1521fd518 (webtiles) character file.

Game seed: 10356851916546890930

64 Mesmaeker13 the Caller (level 3, -5/24 HPs)
             Began as a Mummy Summoner on Apr 13, 2021.
             Slain by a bullfrog (9 damage)
             ... on level 3 of the Dungeon.
             The game lasted 00:03:23 (4236 turns).

Mesmaeker13 the Caller (Mummy Summoner)             Turns: 4236, Time: 00:03:24

Health: -5/24      AC:  3    Str: 11    XL:     3   Next: 91%
Magic:  3/8        EV: 12    Int: 15    God:
Gold:   170        SH:  0    Dex: 12    Spells: 6/9 levels left

rFire    x . .     SeeInvis .   c - +0 dagger
rCold    + . .     Faith    .   (no shield)
rNeg     + + +     Spirit   .   a - +0 robe
rPois    ∞         Reflect  .   f - +0 helmet
rElec    .         Harm     .   (no cloak)
rCorr    .         Rampage  .   (no gloves)
Will     .....                  (no boots)
Stlth    ++........             (no amulet)
HPRegen  0.08/turn              (no ring)
MPRegen  0.11/turn              (no ring)

@: no status effects
A: cold resistance 1, negative energy resistance 3, torment resistance 2,
unbreathing 1, heat vulnerability 1, no potions
a: no special abilities


You were on level 3 of the Dungeon.
You visited 1 branch of the dungeon, and saw 4 of its levels.

You collected 170 gold pieces.

Inventory:

Hand Weapons
 c - a +0 dagger (weapon)
Missiles
 i - a throwing net
 m - 10 poisoned darts
Armour
 a - a +0 robe (worn)
 f - a +0 helmet (worn)
Magical Staves
 g - a staff of cold
Wands
 k - a wand of iceblast (7)
Scrolls
 b - a scroll of teleportation
 d - a scroll of enchant weapon
 e - 3 scrolls of identify
 h - a scroll of magic mapping {unknown}
 j - 4 scrolls of fear {unknown}
 l - a scroll of acquirement {unknown}


   Skills:
 + Level 2.3 Dodging
 - Level 1.5 Stealth
 + Level 3.7 Spellcasting
 + Level 3.7 Summonings


You had 6 spell levels left.
You knew the following spells:

 Your Spells              Type           Power      Damage    Failure   Level
a - Summon Small Mammal   Summ           56%        N/A       4%          1
b - Call Imp              Summ           14%        N/A       6%          2

Your spell library contained the following spells:

 Spells                   Type           Power      Damage    Failure   Level
 Call Canine Familiar     Summ           14%        N/A       12%         3
 Summon Guardian Golem    Hex/Summ       8%         N/A       26%         3
 Summon Ice Beast         Ice/Summ       8%         N/A       65%         4
 Summon Lightning Spire   Summ/Air       8%         N/A       65%         4


Dungeon Overview and Level Annotations

Branches:
Dungeon (4/15)
 Temple: D:4-7

Altars:
Hepliaklqana


Innate Abilities, Weirdness & Mutations

You are immune to poison.
Your flesh is cold resistant. (rC+)
You are immune to negative energy. (rN+++)
You are immune to unholy pain and torment.
You can survive without breathing.
You are vulnerable to heat. (rF-)
You do not drink.


Message History

A beastly little devil appears in a puff of frigid air.
Your white imp says, "You called?"
Your white imp gestures at the hound skeleton.
The puff of frost hits the hound skeleton.
The hound skeleton resists.
Casting: Call Imp (safe; 6% risk of failure)
Confirm with . or Enter, or press ? or * to list all spells.
A beastly little devil appears in a puff of frigid air.
The quokka closely misses you.
Your white imp closely misses the hound skeleton.
The quokka bites you. The hound skeleton closely misses you.
Your white imp barely misses the bullfrog.
Your white imp hits the hound skeleton.
Your white imp freezes the hound skeleton.
The hound skeleton completely resists.
Unknown command.
The bullfrog closely misses you. The quokka barely misses you.
The hound skeleton bites you. The bullfrog hits you.
Your white imp gestures at the hound skeleton.
The puff of frost hits the hound skeleton.
The hound skeleton resists.
Your white imp hits the bullfrog.
Your white imp freezes the bullfrog.
The bullfrog seems to slow down.
The quokka barely misses you.
You climb upwards.
Your summoned ally is left behind.
There is a stone staircase leading down here.
The bullfrog hits you.
The quokka twitches its whiskers.
The quokka bites you.
Things that are here:
5 stones; a +0 dagger The bullfrog is no longer moving slowly.
The quokka closely misses you. The bullfrog barely misses you.
Casting: Call Imp (safe; 6% risk of failure)
Confirm with . or Enter, or press ? or * to list all spells.
A beastly little devil appears in a puff of flame.
The bullfrog hits you!
* * * LOW HITPOINT WARNING * * *
The bullfrog hits you!
You die...

.# ########.....##.#
.# #.....#.........#
.####.....##.....#..#
..........###.......#
.#.##.....##.#.#.#.##
.#.##.....###.#..#.#
##.######## #..#.#.#
##........# #......#
.########.# ####@###
##..#####.# ##F#
....#..##.# ###5r####
.)..#.....###.#.#.#.##
'#..##.##.##.........#
.####.......#..(....##
.8#######.#..........#
.......##.#.#.......##
.......'..#......>...#


You could see a bullfrog (ally target), a quokka and a friendly crimson imp
(summoned).

Vanquished Creatures
  An adder (D:3)
  A worm (D:2)
  2 bats
  4 endoplasms
  A goblin (D:1)
  A hobgoblin (D:1)
  A jackal (D:3)
  A ball python (D:3)
  2 frilled lizards (D:2)
  2 kobolds
  2 rats
18 creatures vanquished.

Vanquished Creatures (collateral kills)
  3 adders
  A dart slug (D:3)
  3 bats (D:1)
  An endoplasm (D:1)
  2 goblins
  4 hobgoblins
  10 jackals
  2 kobolds
  2 quokkas
  A ball python (D:3)
  A frilled lizard (D:2)
  3 rats
33 creatures vanquished.

Grand Total: 51 creatures vanquished

Notes
Turn   | Place    | Note
-------+----------+-------------------------------------------
     0 | D:1      | Mesmaeker13 the Mummy Summoner began the quest for the Orb.
     0 | D:1      | Reached XP level 1. HP: 13/13 MP: 4/4
   650 | D:1      | Reached XP level 2. HP: 11/19 MP: 4/6
  1669 | D:2      | Reached XP level 3. HP: 18/24 MP: 5/7
  1673 | D:2      | Learned a level 2 spell: Call Imp
  2832 | D:3      | Found a faded altar of an unknown god.
  3049 | D:3      | Found a hazy altar of Hepliaklqana.
  4221 | D:4      | Noticed a bullfrog
  4236 | D:3      | Slain by a bullfrog

Illustrated notes

Levels and vault maps discovered:
D:1:      lemuel_arrival_rhombus, layout_rooms
D:2:      layout_basic
D:3:      minmay_chambers_of_twos, layout_loops_cross, lemuel_doored_altar,
          serial_forest, infiniplex_forest_zigzag_1,
          infiniplex_forest_straight_5, infiniplex_forest_lined_1,
          infiniplex_forest_lined_4_way, shapermc_ecumenical_altar_notcrosses,
          st_stairs_4, minivault_25
D:4:      layout_rooms, ashenzari_conservatory_becter, serial_shops,
          kennysheep_mini_moat, kennysheep_small_circle, uniq_robin, uniq_ijyb

Skill      XL: |  1  2 |
---------------+-------+-----
Spellcasting   | 3 |  3.7
Dodging        | 2 |  2.3
Stealth        | |  1.5
Summonings     | |  3.7

Action                   || total
-------------------------++-------
Melee: Unarmed           ||    29
       Dagger            ||   110
 Cast: Summon Small Mamm ||    26
       Call Imp          ||    25
  Use: Scroll            ||     2
 Stab: Sleeping          ||     2
Armor: Robe              ||    43
Dodge: Dodged            ||   168

Table legend: (Time is in decaauts)
 A = Elapsed time spent in this place.
 B = Non-inter-level travel time spent in this place.
 C = Inter-level travel time spent in this place.
 D = Time resting spent in this place.
 E = Time spent auto-exploring this place.
 F = Levels seen in this place.
 G = Mean time per level.
                   A        B        C        D        E       F      G
               +--------+--------+--------+--------+--------+-----+--------+
         Total |   4236 |   4179 |     57 |   1159 |   2435 |   4 | 1059.0 |
       Dungeon |   4236 |   4179 |     57 |   1159 |   2435 |   4 | 1059.0 |
               +--------+--------+--------+--------+--------+-----+--------+

Top non-repeatable levels by time:
     D:2: 1554 daAuts
     D:3: 1508 daAuts
     D:1: 1167 daAuts
     D:4: 5 daAuts
